 Dungeon Crawl Stone Soup version 0.30.2 (webtiles) character file.

Game seed: 16701107123806110863

239 porpoise the Shooter (level 5, -4/41 HPs)
             Began as a Demonspawn Hunter on Feb 7, 2024.
             Was a Follower of Okawaru.
             Slain by a goblin
             ... wielding a +2 dagger of electrocution
             ... led by Robin
              (7 damage)
             ... on level 3 of the Dungeon.
             The game lasted 00:07:55 (3216 turns).

porpoise the Shooter (Demonspawn Hunter)            Turns: 3216, Time: 00:07:56

Health: -4/41      AC:  7    Str: 11    XL:     5   Next: 79%
Magic:  5/5        EV: 12    Int: 11    God:    Okawaru [*.....]
Gold:   173        SH:  4    Dex: 18    Spells: 4/4 levels left

rFire   . . .        a - +0 shortbow
rCold   + . .        (shield currently unavailable)
rNeg    . . .        n - +3 leather armour {rC+}
rPois   +            (no helmet)
rElec   .            h - +0 cloak
rCorr   .            (no gloves)
SInv    .            (no boots)
Will    .....        (no amulet)
Stlth   ++           f - ring of poison resistance
HPRegen 0.26/turn    (no ring)
MPRegen 0.09/turn

%: no passive effects
@: no status effects
A: condensation shield, weakness stinger 1
a: Renounce Religion, Heroism


You were on level 3 of the Dungeon.
You worshipped Okawaru.
Okawaru was aware of your devotion.
You visited 1 branch of the dungeon, and saw 3 of its levels.

You collected 173 gold pieces.

Inventory:

Hand Weapons
 a - a +0 shortbow (weapon)
Missiles
 i - a throwing net
 o - 21 poisoned darts
Armour
 h - a +0 cloak (worn)
 n - a +3 leather armour of cold resistance (worn)
 u - a +0 buckler
 w - an orb of light
Magical Staves
 g - a staff of poison
Jewellery
 c - an amulet of guardian spirit
 f - a ring of poison resistance (left hand)
 r - a ring of magical power
Scrolls
 b - 3 scrolls of immolation
 e - a scroll of enchant armour {unknown}
 j - 2 scrolls of enchant weapon {unknown}
 k - a scroll of magic mapping {unknown}
 l - a scroll of amnesia
 p - 4 scrolls of identify {unknown}
 q - a scroll of teleportation {unknown}
Potions
 d - a potion of lignification {unknown}
 m - 2 potions of haste {unknown}
 s - a potion of degeneration
 t - a potion of might {unknown}
 v - a potion of ambrosia {unknown}


   Skills:
 + Level 3.4 Fighting
 * Level 5.2 Ranged Weapons
 - Level 1.7 Dodging
 + Level 2.8 Stealth


You had 4 spell levels left.
You didn't know any spells.
Your spell library contained the following spells:

 Spells                   Type           Power      Damage    Failure   Level
 Shock                    Conj/Air       0%         1d3       43%         1
 Swiftness                Air            0%         N/A       80%         3
 Vhi's Electric Charge    Tloc/Air       0%         N/A       80%         3
 Airstrike                Air            0%         2d(0-16)  99%         4
 Arcjolt                  Conj/Air       0%         1d10      100%        5
 Plasma Beam              Fire/Air       0%         2x1d11    100%        6


Dungeon Overview and Level Annotations

Branches:
Dungeon (3/15)

Altars:
Okawaru

Annotations:
D:3 Robin


Innate Abilities, Weirdness & Mutations

A meltable shield of frost defends you. (SH +4)
You have a small tail.


Message History

You are electrocuted!
* * * LOW HITPOINT WARNING * * *
The goblin misses you.
Robin roars a battlecry!
The goblin goes into a battle-frenzy!
You block the goblin's attack.
You hear a shout!
The goblin attacks as you move away! The goblin hits you but does no damage.
The goblin closely misses you. Robin completely misses you.
Robin attacks as you move away! Robin misses you.
The goblin attacks as you move away! You block the goblin's attack.
You shoot an arrow.
The arrow hits the goblin but does no damage.
The goblin barely misses you. Robin throws the goblin at you!
The goblin closely misses you.
You shoot an arrow.
The arrow hits the goblin but does no damage.
You block the goblin's attack.
Robin roars a battlecry!
The hobgoblin goes into a battle-frenzy!
The goblin barely misses you.
You shoot an arrow. The arrow hits the goblin.
The goblin is heavily wounded.
The goblin no longer looks unusually strong.
The goblin hits you but does no damage. x3; The goblin misses you.
A goblin comes into view. It is wielding a +0 club.
You shoot an arrow. The arrow barely misses the goblin.
You block the goblin's attack.
Robin roars a battlecry!
The goblin goes into a battle-frenzy!
The goblin hits you but does no damage.
You shoot an arrow. The arrow barely misses the goblin.
The arrow hits the goblin.
The goblin is moderately wounded.
The goblin hits you with a +2 dagger of electrocution!
* * * LOW HITPOINT WARNING * * *
The goblin barely misses you.
You shoot an arrow. The arrow completely misses the goblin.
The goblin hits you with a +2 dagger of electrocution!
You die...

##.##.### ###
##........ #..
.....(......## ...
..####...#..## #.#
#.# #........ #.# #.#
##.###### #.# #.# #.#
#g# #.# ##+## # #@#
#.# ##...## #. #g#
#.###.....##
#.##g###.##.......##
#..gg....#.........##
##..#....'>........'.
##†..####.........##
##.## ##.......## #.#
##.....## #.# ##...##


You could see Robin, a hobgoblin (strong) and 3 goblins.

Vanquished Creatures
  Crazy Yiuf (D:2)
  Terence (D:2)
  6 gnolls (D:3)
  5 adders
  2 worms (D:2)
  5 dart slugs
  An orc (D:3)
  3 ball pythons
  7 endoplasms
  2 giant cockroaches (D:2)
  2 goblins
  6 hobgoblins
  4 jackals (D:2)
  5 kobolds
  3 quokkas
  6 bats
  3 frilled lizards
  8 rats
70 creatures vanquished.

Notes
Turn   | Place    | Note
-------+----------+-------------------------------------------
     0 | D:1      | porpoise the Demonspawn Hunter began the quest for the Orb.
     0 | D:1      | Reached XP level 1. HP: 16/16 MP: 1/1
    37 | D:1      | Reached skill level 1 in Stealth
   110 | D:1      | Gained mutation: You have a small tail. [demonic ancestry]
   110 | D:1      | Reached XP level 2. HP: 22/22 MP: 2/2
   467 | D:1      | Reached skill level 4 in Ranged Weapons
  1116 | D:2      | Reached XP level 3. HP: 28/28 MP: 3/3
  1326 | D:2      | Noticed Terence
  1347 | D:2      | Killed Terence
  1348 | D:2      | Reached XP level 4. HP: 19/34 MP: 4/4
  1781 | D:2      | Found a faded altar of an unknown god.
  1935 | D:2      | Prayed at the altar of an unknown god.
  1935 | D:2      | Became a worshipper of Warmaster Okawaru
  1935 | D:2      | Reached * piety under Okawaru
  2208 | D:2      | Found a runed translucent door.
  2209 | D:2      | Noticed Crazy Yiuf
  2223 | D:2      | Killed Crazy Yiuf
  2224 | D:2      | Gained mutation: A meltable shield of frost defends you.
                  | (SH +4) [demonic ancestry]
  2224 | D:2      | Reached XP level 5. HP: 10/41 MP: 1/5
  2833 | D:3      | Reached skill level 5 in Ranged Weapons
  3195 | D:3      | Noticed Robin
  3216 | D:3      | Slain by a goblin

Illustrated notes

Levels and vault maps discovered:
D:1:      co_arrival_random_square_maze, layout_loops_corners, serial_aquarium,
          aquarium_bridge_square [aquarium_subvault_window,
          aquarium_subvault_wall, aquarium_subvault_bridge,
          aquarium_subvault_window], aquarium_window_fake, aquarium_window_3,
          aquarium_window_corner, aquarium_window_2, aquarium_view_2b,
          aquarium_view_2e, hex_medium, corner_web_ring, corexii_corridor_pit
D:2:      layout_basic, hellmonk_ecumenical_altar_inner_sanctum, uniq_terence,
          uniq_crazy_yiuf_cottage
D:3:      layout_loops_corners, uniq_robin

Skill      XL: |  1  2  3  4  5 |
---------------+----------------+-----
Stealth        | 1 2 |  2.8
Ranged Weapons | 4 5 |  5.2
Fighting       | 3 |  3.4
Dodging        | |  1.7

Action                     |  1- 3 |  4- 6 || total
---------------------------+-------+-------++-------
  Melee: Unarmed           |     5 |       ||     5
         Tailslap          |     2 |       ||     2
   Fire: Shortbow          |    97 |   114 ||   211
    Use: Potion            |     4 |       ||     4
         Scroll            |     1 |       ||     1
 Armour: Leather armour    |    15 |    15 ||    30
  Dodge: Dodged            |    23 |    36 ||    59
  Block: Other             |       |    12 ||    12
